 Dungeon Crawl Stone Soup version 0.24-a0-170-gd8427f5 (webtiles) character file.

Game seed: 16566158963381328515

364 Borgoz the Sneak (level 6, -6/36 HPs)
             Began as a Gargoyle Enchanter on Mar 8, 2019.
             Mangled by a mana viper (16 damage)
             ... on level 4 of the Dungeon.
             The game lasted 00:09:31 (4626 turns).

Borgoz the Sneak (Gargoyle Enchanter)               Turns: 4626, Time: 00:09:32

Health: -6/36      AC:  8    Str: 13      XL:     6   Next: 67%
Magic:  0/9        EV: 12    Int: 15      God:
Gold:   151        SH:  0    Dex:  9 (11) Spells: 3/9 levels left

rFire    + . .     SeeInvis .   m - +0 rapier
rCold    + . .     Gourm    .   (no shield)
rNeg     + . .     Faith    .   j - +1 leather armour {rF+}
rPois    ∞         Spirit   .   (no helmet)
rElec    +         Reflect  .   (no cloak)
rCorr    .         Harm     .   (no gloves)
MR       .....                  (no boots)
Stlth    ++........             (no amulet)
HPRegen  0.12/turn              a - ring of protection from cold
MPRegen  0.11/turn              (no ring)

@: no status effects
A: negative energy resistance 1, electricity resistance, unbreathing,
petrification resistance, rot immunity, AC +4
a: no special abilities


You were on level 4 of the Dungeon.
You were hungry.

You visited 1 branch of the dungeon, and saw 4 of its levels.

You collected 151 gold pieces.

Inventory:

Hand Weapons
 c - a +1 dagger of freezing
 m - a +0 rapier (weapon)
Armour
 j - a +1 leather armour of fire resistance (worn)
Jewellery
 a - a ring of protection from cold (left hand)
 r - an uncursed ring of resist corrosion {unknown}
Wands
 b - a wand of polymorph (3)
Scrolls
 e - 2 scrolls of identify
 g - 2 scrolls of remove curse
 h - 4 scrolls of enchant weapon
 k - a scroll of teleportation
 p - 2 scrolls of enchant armour
Potions
 i - a potion of mutation {unknown}
 l - 3 potions of cancellation
 n - a potion of curing
 o - a potion of lignification {unknown}
 q - a potion of flight {unknown}
Comestibles
 d - 4 rations
 s - 3 chunks of flesh


   Skills:
 + Level 2.3 Fighting
 * Level 3.4 Short Blades
 + Level 2.5 Armour
 + Level 2.6 Dodging
 + Level 4.3 Stealth
 + Level 2.2 Spellcasting
 + Level 2.9 Hexes


You had 3 spell levels left.
You knew the following spells:

 Your Spells              Type           Power        Failure   Level  Hunger
a - Corona                Hex            ##.....      9%          1    #......
b - Ensorcelled Hibernat  Hex/Ice        #.....       22%         2    ###....
c - Confuse               Hex            ##......     24%         3    ###....

Your spell library contained the following spells:

 Spells                   Type           Power        Failure   Level  Hunger
 Tukima's Dance           Hex            ##......     24%         3    ###....
 Dazzling Spray           Conj/Hex       #.....       41%         3    ###....


Dungeon Overview and Level Annotations

Branches:
Dungeon (4/15)
 Temple: D:4-7

Altars:
Dithmenos
Gozag

Shops:
D:4 %


Innate Abilities, Weirdness & Mutations

You are resistant to torment.
Your stone body is resilient. (AC +4)
You are immune to poison.
You resist negative energy. (rN+)
You are resistant to electric shocks. (rElec)
You can survive without breathing.
You are immune to petrification.
You are immune to rotting.


Message History

Evoke which item? (* to show all) (? for menu, Esc to quit)
Aiming: Polymorph
Press: ? - help, Shift-Dir - straight line, f/p - troll
Aim: a troll (chance to defeat MR: 46%)
The troll resists with some effort.
The troll bites you! The troll barely misses you. x2
Evoke which item? (* to show all) (? for menu, Esc to quit)
Aiming: Polymorph
Press: ? - help, Shift-Dir - straight line, f/p - troll
Aim: a troll (chance to defeat MR: 46%)
The troll evaporates and reforms as a mana viper!
The mana viper bites you.
* * * LOW HITPOINT WARNING * * *
You feel your power leaking away.
Unknown command.
You feel much better. The mana viper bites you!
* * * LOW HITPOINT WARNING * * *
You feel your power leaking away.
You closely miss the mana viper. The mana viper bites you!
You die...

##..## ##..## ##..## ##...#
##..## ##÷.## # ##...## ##...#
##..## ## ##...## ##...## ##..##
##. ##....# ###...## ###...# ##..
##....## ##.....# ##.....###...
##.....# ###......###............
.......###.........).............
...............S@...............#
.............................####
##############################


You could see a mana viper.

Vanquished Creatures
  Purgy (D:3)
  A quasit (D:2)
  Natasha (thrice) (D:3 D:2)
  An iguana (D:4)
  Robin (D:2)
  4 adders
  2 dart slugs
  3 leopard geckos
  3 orcs
  A giant cockroach (D:2)
  14 hobgoblins
  5 jackals
  3 kobolds
  4 quokkas
  A ball python (D:1)
  8 bats
  4 frilled lizards
  16 goblins (D:2)
  A quokka skeleton (D:4)
  10 rats
86 creatures vanquished.

Notes
Turn   | Place    | Note
-------+----------+-------------------------------------------
     0 | D:1      | Borgoz the Gargoyle Enchanter began the quest for the Orb.
     0 | D:1      | Reached XP level 1. HP: 10/10 MP: 3/3
    58 | D:1      | Reached skill level 1 in Short Blades
   515 | D:1      | Reached XP level 2. HP: 16/16 MP: 5/5
  1371 | D:2      | Reached XP level 3. HP: 15/20 MP: 6/6
  1624 | D:2      | Reached skill level 1 in Armour
  1628 | D:2      | Reached skill level 1 in Fighting
  1699 | D:2      | Found an opulent altar of Gozag.
  1761 | D:2      | Noticed Robin
  1823 | D:2      | Killed Robin
  1823 | D:2      | Reached XP level 4. HP: 11/25 MP: 7/7
  2554 | D:3      | Noticed Purgy
  2592 | D:3      | Noticed Natasha
  2605 | D:3      | Killed Purgy
  2605 | D:3      | Reached skill level 4 in Stealth
  2605 | D:3      | Reached XP level 5. HP: 3/30 MP: 8/8
  2972 | D:3      | Killed Natasha
  3066 | D:3      | Found a shadowy altar of Dithmenos.
  3066 | D:3      | Noticed Natasha
  3091 | D:2      | Learned a level 2 spell: Ensorcelled Hibernation
  3095 | D:2      | Learned a level 3 spell: Confuse
  3167 | D:2      | Reached XP level 6. HP: 16/35 MP: 9/9
  3520 | D:2      | Killed Natasha
  3534 | D:2      | Noticed Natasha
  3546 | D:2      | Killed Natasha
  4387 | D:4      | Found Ciorch's Food Shop.
  4597 | D:4      | Noticed a troll
  4624 | D:4      | Noticed a mana viper
  4624 | D:4      | a troll changed into a mana viper
  4626 | D:4      | Mangled by a mana viper

Levels and vault maps discovered:
D:1:      grunt_arrival_lava_bath, layout_basic, serial_curves, eino_curves_03,
          eino_curves_02, eino_curves_04
D:2:      layout_loops_cross, lemuel_coloured_pillars_altar, first_ration,
          hangedman_feature_mirror, minmay_increasing_density, uniq_robin
D:3:      layout_loops_corners, nicolae_dithmenos_shadow_blocks, uniq_purgy,
          uniq_natasha
D:4:      minmay_thick_lines, layout_rooms, temple_hall_moat, serial_shops,
          shop_fountains, uniq_sigmund, uniq_menkaure, uniq_edmund

Skill      XL: |  1  2  3  4  5 |
---------------+----------------+-----
Short Blades   | 1 2 3 |  3.4
Armour         | 1 2 |  2.5
Fighting       | 1 2 |  2.3
Dodging        | 2 |  2.6
Stealth        | 4 |  4.3
Spellcasting   | |  2.2
Hexes          | |  2.9

Action                   |  1- 3 |  4- 6 || total
-------------------------+-------+-------++-------
Melee: Dagger            |    44 |       ||    44
       Short sword       |   118 |    26 ||   144
       Rapier            |       |   216 ||   216
       Unarmed           |       |    18 ||    18
 Cast: Corona            |       |     1 ||     1
       Ensorcelled Hiber |       |     4 ||     4
Evoke: Wand              |       |     2 ||     2
  Use: Scroll            |     3 |     4 ||     7
       Potion            |       |     6 ||     6
 Stab: Sleeping          |     2 |    10 ||    12
  Eat: Chunk             |     3 |     9 ||    12
Armor: Robe              |    89 |    53 ||   142
       Leather armour    |       |    76 ||    76
Dodge: Dodged            |   144 |   279 ||   423

Table legend:
 A = Non-vault XP
 B = Vault XP
 C = Vault XP percentage of total XP
 D = Non-vault monster count
 E = Vault monster count
 F = Vault count percentage of total count
                 A         B        C        D         E       F
            +---------+---------+-------+---------+---------+-------
      Total |     276 |     244 |  46.9 |      61 |      25 |  29.1
            +---------+---------+-------+---------+---------+-------
        D:1 |      25 |       0 |   0.0 |      15 |       0 |   0.0
        D:2 |     148 |      75 |  33.6 |      20 |      22 |  52.4
        D:3 |      63 |     166 |  72.5 |      22 |       2 |   8.3
        D:4 |      40 |       3 |   7.0 |       4 |       1 |  20.0
            +---------+---------+-------+---------+---------+-------
